 Dungeon Crawl Stone Soup version 0.29-a0-823-gc37b1572da (webtiles) character file.

Game seed: 7049642053807974848

240 Spectrina the Covert (level 5, -4/31 HPs)
             Began as a Vampire Delver on July 9, 2022.
             Slain by a mummy (8 damage)
             ... in an ossuary.
             The game lasted 00:05:04 (494 turns).

Spectrina the Covert (Vampire Delver)                Turns: 494, Time: 00:05:04

Health: -4/31      AC:  3    Str: 11    XL:     5   Next: 79%
Magic:  5/5        EV: 12    Int: 13    God:
Gold:   45         SH:  0    Dex: 17    Spells: 4/4 levels left

rFire   . . .      SeeInvis +   a - +0 short sword
rCold   + + .      Faith    .   (no shield)
rNeg    + + +      Spirit   .   b - +0 leather armour
rPois   ∞          Reflect  .   (no helmet)
rElec   .          Harm     .   i - scarf {repulsion}
rCorr   .          Rampage  .   (no gloves)
Will    .....                   (no boots)
Stlth   ++++++....              (no amulet)
HPRegen 0.00/turn               (no ring)
MPRegen 0.09/turn               (no ring)

@: bloodless, inhibited regen, repel missiles
A: bloodless, fangs 3, see invisible, vampiric 2
a: Bat Form, Revivify


You were in an ossuary.
You visited 1 branch of the dungeon, and saw 2 of its levels.
You also visited: Ossuary.

You collected 45 gold pieces.

Inventory:

Hand Weapons
 a - a +0 short sword (weapon)
 e - a +0 dagger
 j - a +0 quarterstaff
Armour
 b - a +0 leather armour (worn)
 i - a scarf of repulsion (worn)
 k - a +0 plate armour
Jewellery
 l - a ring of fire
Wands
 g - a wand of digging (3)
Scrolls
 c - a scroll of fog
 d - a scroll of magic mapping
 h - a scroll of identify {unknown}
Potions
 f - a potion of haste


   Skills:
 - Level 2.6 Fighting
 + Level 5.0 Short Blades
 - Level 2.1 Dodging
 + Level 9.7 Stealth


You had 4 spell levels left.
You didn't know any spells.
Your spell library contained the following spells:

 Spells                   Type           Power      Damage    Failure   Level
 Static Discharge         Conj/Air       0%         3-3/arc   52%         2
 Dispel Undead            Necr           0%         3d6       99%         4
 Sticky Flame             Conj/Fire      0%         2d3       99%         4


Dungeon Overview and Level Annotations

Branches:
Dungeon (5/15)            Ossuary (1/1)
 Temple: D:4-7

Altars:
Trog


Innate Abilities, Weirdness & Mutations

You do not regenerate when monsters are visible.
You are frail without blood (-20% HP).
You can heal yourself when you bite living creatures.
You are immune to poison.
You have razor-sharp teeth.
You have supernaturally acute eyesight. (SInv)
You are afflicted with vampirism and can become a bat while bloodless.


Message History

Unknown command.
Unknown command.
The human zombie hits you.
You hit the human zombie.
The human zombie is almost destroyed.
You barely miss the human zombie. Your bite misses the human zombie.
The human zombie is almost destroyed.
The human zombie misses you.
You closely miss the human zombie.
The human zombie is almost destroyed.
The human zombie hits you but does no damage.
You hit the human zombie.
The human zombie is almost destroyed.
You hit the human zombie but do no damage.
Your bite misses the human zombie.
The human zombie is almost destroyed.
The human zombie barely misses you.
You closely miss the human zombie.
The human zombie is almost destroyed.
The human zombie hits you.
* * * LOW HITPOINT WARNING * * *
You barely miss the human zombie.
The human zombie is almost destroyed.
The human zombie closely misses you.
You completely miss the human zombie.
The human zombie is almost destroyed.
You completely miss the human zombie.
The human zombie is almost destroyed.
The human zombie closely misses you.
You barely miss the human zombie.
The human zombie is almost destroyed.
The human zombie hits you.
* * * LOW HITPOINT WARNING * * *
Unknown command.
You hit the human zombie. You bite the human zombie.
You destroy the human zombie!
Your Short Blades skill increases to level 5!
Unknown command.
The mummy hits you!
You die...

#...##############...#
#...# #...# #...#
#...# ###...# #...#
#...# .....+####...#
#...### #.∩.....#...#
#...#.Z #.......#...#
#...#.# #.......#...#
#...#.####..M....#...#
#...#.......@....#...#
#...#.####Z.####.#...#
#...#.# #^.# #.#...#
#...#.ZZM#..#ZZ..#...#
#...######.^######...#
#....................#
#........8..8........#
#....................#
#....................#


You could see a mummy and a kobold zombie (wandering).

Vanquished Creatures
  Menkaure (D:5)
  A human zombie (Ossuary)
  A hound (D:4)
  An iguana (D:5)
  A mummy (D:4)
  An adder (D:4)
  2 orcs (D:4)
  A giant cockroach (D:4)
  A kobold (D:4)
  A goblin zombie (D:4)
  6 hobgoblin zombies (Ossuary)
  7 kobold zombies
  8 orc zombies (Ossuary)
32 creatures vanquished.

Notes
Turn   | Place    | Note
-------+----------+-------------------------------------------
     0 | D:5      | Spectrina the Vampire Delver began the quest for the Orb.
     0 | D:5      | Reached XP level 1. HP: 17/17 MP: 1/1
    30 | D:5      | Noticed an iguana
    36 | D:5      | Noticed Menkaure
    38 | D:5      | Killed an iguana
    39 | D:5      | Reached XP level 2. HP: 18/18 MP: 2/2
    40 | D:5      | Killed Menkaure
    41 | D:5      | Reached skill level 9 in Stealth
    41 | D:5      | Gained mutation: You are afflicted with vampirism and can
                  | become a bat while bloodless. [Vampire growth]
    41 | D:5      | Reached XP level 3. HP: 22/22 MP: 3/3
    41 | D:5      | Reached XP level 4. HP: 27/27 MP: 4/4
    96 | D:4      | Reached XP level 5. HP: 31/31 MP: 5/5
   235 | D:4      | Found a bloodstained altar of Trog.
   295 | D:4      | Found a sand-covered staircase.
   300 | Ossuary  | Entered an ossuary
   488 | Ossuary  | Reached skill level 5 in Short Blades
   494 | Ossuary  | Slain by a mummy

Illustrated notes

Levels and vault maps discovered:
D:4:      layout_layer_cave, mainiacjoe_overflow_alcove_4,
          nicolae_ossuary_entry_giza, kennysheep_generic_room_14
D:5:      layout_rooms, minmay_temple_entry_fiery, uniq_menkaure, uniq_edmund
Ossuary:  ossuary_tomb_1

Skill      XL: |  1  2  3  4  5 |
---------------+----------------+-----
Short Blades   | 3 4 5 |  5.0
Stealth        | 9 |  9.7
Fighting       | |  2.6
Dodging        | |  2.1

Action                   |  1- 3 |  4- 6 || total
-------------------------+-------+-------++-------
Melee: Short sword       |     2 |    69 ||    71
       Bite              |       |     6 ||     6
       Punch             |       |     1 ||     1
 Abil: Exsanguinate      |     1 |       ||     1
  Use: Scroll            |       |     1 ||     1
 Stab: Sleeping          |     2 |    15 ||    17
Armor: Leather armour    |       |    15 ||    15
Dodge: Dodged            |       |    26 ||    26

Table legend: (Time is in decaauts)
 A = Elapsed time spent in this place.
 B = Non-inter-level travel time spent in this place.
 C = Inter-level travel time spent in this place.
 D = Time resting spent in this place.
 E = Time spent auto-exploring this place.
 F = Levels seen in this place.
 G = Mean time per level.
                   A        B        C        D        E       F      G
               +--------+--------+--------+--------+--------+-----+--------+
         Total |    484 |    484 |      0 |      0 |      0 |   3 |  161.3 |
       Dungeon |    298 |    298 |      0 |      0 |      0 |   2 |  149.0 |
       Ossuary |    186 |    186 |      0 |      0 |      0 |   1 |  186.0 |
               +--------+--------+--------+--------+--------+-----+--------+

Top non-repeatable levels by time:
     D:4: 240 daAuts
 Ossuary: 186 daAuts
     D:5: 58 daAuts
